 Dungeon Crawl Stone Soup version 0.20-a0-3-g334f831 (webtiles) character file.

168 mrath the Cudgeler (level 5, 0/45 HPs)
             Began as a Minotaur Fighter on Oct 30, 2016.
             Slain by an adder (1 damage)
             ... on level 3 of the Dungeon.
             The game lasted 00:06:47 (1923 turns).

mrath the Cudgeler (Minotaur Fighter)               Turns: 1923, Time: 00:06:47

Health: 0/45       AC:  6    Str: 21    XL:     5   Next: 23%
Magic:  4/4        EV:  7    Int:  5    God:
Gold:   84         SH:  9    Dex: 10    Spells: 0 memorised, 4 levels left

rFire  . . .     SeeInvis .     a - +0 flail
rCold  . . .     Gourm    .     b - +0 scale mail
rNeg   . . .     Faith    .     c - +0 shield
rPois  .         Spirit   .     (helmet restricted)
rElec  .         Reflect  .     (no cloak)
rCorr  .         Harm     .     (no gloves)
MR     .....                    (no boots)
Stlth  ..........               (no amulet)
                                (no ring)
                                (no ring)

@: lethally poisoned (0 -> -1)
A: retaliatory headbutt, horns 2
a: no special abilities


You were on level 3 of the Dungeon.
You were not hungry.

You visited 1 branch of the dungeon, and saw 3 of its levels.

You collected 84 gold pieces.

Inventory:

Hand Weapons
 a - a +0 flail (weapon)
 l - a +2 trident of protection
Missiles
 e - 161 stones
 k - 5 javelins (quivered)
 p - a throwing net
Armour
 b - a +0 scale mail (worn)
 c - a +0 shield (worn)
Jewellery
 m - an uncursed ring of stealth {unknown}
Scrolls
 j - 2 scrolls of identify {unknown}
 n - 3 scrolls of teleportation {unknown}
 q - a scroll of recharging {unknown}
Potions
 d - a potion of might
 h - a potion of mutation {unknown}
 i - a potion of curing {unknown}
 o - a potion of brilliance {unknown}
Comestibles
 f - a bread ration
 g - 3 chunks of flesh
 r - a meat ration


   Skills:
 - Level 3.6 Fighting
 + Level 6.6 Maces & Flails
 - Level 3.6 Armour
 - Level 3.6 Shields


You had 4 spell levels left.
You didn't know any spells.

Dungeon Overview and Level Annotations

Branches:
Dungeon (3/15)

Altars:

Annotations:
D:3 Sigmund


Innate Abilities, Weirdness & Mutations

You reflexively headbutt those who attack you in melee.
You have a pair of horns on your head.


Message History

You are poisoned.
The adder poisons you!
You bump into the rock wall.
You feel sick. The quokka bites you.
* * * LOW HITPOINT WARNING * * *
The adder closely misses you.
You miss the quokka. You headbutt the quokka.
The quokka is severely wounded.
You feel less confused. You block Sigmund's attack.
The quokka bites you but does no damage.
The adder bites you but does no damage.
* * * LOW HITPOINT WARNING * * *
You feel sick. You block the adder's attack.
The quokka bites you but does no damage.
You block Sigmund's attack. The adder bites you but does no damage.
* * * LOW HITPOINT WARNING * * *
You feel sick. You block the adder's attack.
There is a stone staircase leading up here.
You block the adder's attack. The adder bites you.
You die...

..)......# ..# #......#
..# #..... #......# ..
...... #.<...# ##.# ......
/...##.S# #.. ###...... #
#..# #.###........
####..########............
#.....@S.r......##.....#
.....##..###S@........#
##.# #... #..........# #
#.#..#..).......#
#.##.#..........# #.#
.#..........# #..
............# ..
###..........#
############


You could see Sigmund, 2 adders and a quokka.

Vanquished Creatures
  Jessica (D:2)
  6 gnolls
  3 adders (D:2)
  An ooze (D:2)
  A worm (D:2)
  2 dart slugs
  2 leopard geckos (D:2)
  3 giant cockroaches (D:2)
  8 hobgoblins
  4 jackals
  2 ball pythons (D:1)
  5 bats
  2 frilled lizards (D:2)
  3 goblins
  2 kobolds
  4 rats
49 creatures vanquished.

Notes
Turn   | Place    | Note
-------+----------+-------------------------------------------
     0 | D:1      | mrath the Minotaur Fighter began the quest for the Orb.
     0 | D:1      | Reached XP level 1. HP: 19/19 MP: 0/0
   316 | D:1      | Reached skill level 3 in Maces & Flails
   454 | D:1      | Reached XP level 2. HP: 26/26 MP: 1/1
   794 | D:2      | Reached skill level 4 in Maces & Flails
   817 | D:2      | Found a faded altar of an unknown god.
   827 | D:2      | Reached XP level 3. HP: 31/31 MP: 2/2
  1152 | D:2      | Reached skill level 5 in Maces & Flails
  1179 | D:1      | Reached XP level 4. HP: 27/39 MP: 3/3
  1428 | D:2      | Reached skill level 6 in Maces & Flails
  1429 | D:2      | Noticed Jessica
  1555 | D:2      | Killed Jessica
  1555 | D:2      | Reached XP level 5. HP: 17/45 MP: 4/4
  1903 | D:3      | Noticed Sigmund
  1915 | D:3      | HP: 2/45 [quokka (2)]
  1920 | D:3      | HP: 1/45 [poisoned by an adder]
  1923 | D:3      | Slain by an adder

Vault maps used:
D:1:      dpeg_arrival_castle
D:2:      ecumenical_altar_1, dk_noncrumbling_4, uniq_jessica
D:3:      led_sif_book, uniq_sigmund

Skill      XL: |  1  2  3  4 |
---------------+-------------+-----
Maces & Flails | 3 4 5 6 |  6.6
Fighting       | |  3.6
Armour         | |  3.6
Shields        | |  3.6

Action                   |  1- 3 |  4- 6 || total
-------------------------+-------+-------++-------
Melee: Flail             |    74 |    57 ||   131
       Headbutt          |    11 |    11 ||    22
Throw: Javelin           |     2 |       ||     2
  Eat: Chunk             |     1 |     2 ||     3
Armor: Scale mail        |    34 |    39 ||    73
Dodge: Dodged            |    26 |    18 ||    44
Block: Shield            |    48 |    34 ||    82
